 Dungeon Crawl Stone Soup version 0.31-a0-175-g9f7f995f2b (webtiles) character file.

Game seed: 13409028556359905233

57 qw the Shooter (level 4, -2/39 HPs)
             Began as a Naga Hunter on June 17, 2023.
             Killed from afar by Sigmund (8 damage)
             ... with a puff of flame
             ... on level 3 of the Dungeon.
             The game lasted 00:00:32 (1448 turns).

qw the Shooter (Naga Hunter)                        Turns: 1448, Time: 00:00:32

Health: -2/39      AC:  2    Str: 13    XL:     4   Next: 0%
Magic:  4/4        EV:  9    Int: 10    God:
Gold:   39         SH:  0    Dex: 16    Spells: 3/3 levels left

rFire   . . .        Y - +0 shortbow
rCold   . . .        (shield currently unavailable)
rNeg    . . .        c - +0 leather armour
rPois   +            (no helmet)
rElec   .            (no cloak)
rCorr   +            (no gloves)
SInv    +            (no barding)
Will    .....        (no amulet)
Stlth   ++           h - ring of resist corrosion
HPRegen 0.26/turn    (no ring)
MPRegen 0.09/turn

%: clarity
@: very slow
A: AC +1, large, see invisible, deformed body, poison resistance, slowness 2,
spit poison 1, naga tail 1, clarity
a: Spit Poison


You were on level 3 of the Dungeon.
You visited 1 branch of the dungeon, and saw 3 of its levels.

You collected 39 gold pieces.


Innate Abilities, Weirdness & Mutations

Your serpentine skin is tough. (AC +1)
You have supernaturally acute eyesight. (SInv)
Armour fits poorly on your strangely shaped body.
Your system is resistant to poisons. (rPois)
You cover ground very slowly.
You can spit poison.
You have a snake-like lower body.
You possess an exceptional clarity of mind.


   Skills:
 + Level 2.0 Fighting
 - Level 5.0 Ranged Weapons
 - Level 1.5 Dodging
 - Level 1.5 Stealth


You had 3 spell levels left.
You didn't know any spells.
Your spell library was empty.

Inventory:

Hand Weapons
 Y - a +0 shortbow (weapon)
Armour
 c - a +0 leather armour (worn)
Jewellery
 h - a ring of resist corrosion (left hand)
Potions
 a - a potion of haste {unknown}
 b - a potion of mutation
 d - a potion of enlightenment {unknown}
 e - a potion of lignification {unknown}
 j - 2 potions of might
 k - 2 potions of degeneration {unknown}
 l - a potion of ambrosia {unknown}

Dungeon Overview and Level Annotations

Branches:
Dungeon (3/15)

Altars:

Annotations:
D:3 Sigmund


Message History

It was a potion of mutation.
You feel extremely strange.
Your thoughts seem clearer.
Sigmund closely misses you.
Sigmund mumbles some strange words.
Sigmund flickers and vanishes for a moment.
Sigmund gestures at you while chanting. The puff of flame hits you!
You see here a +0 dagger.
Sigmund casts a spell at you. The puff of flame hits you!
There is a stone staircase leading down here.
1438 ||| DRINKING potion of heal wounds.
You feel much better. Sigmund barely misses you.
1440 ||| FLEEEEING.
1441 ||| FLEEEEING.
1442 ||| INVOKING Spit Poison.
Aiming: Spit Poison (1% risk of failure)
Press: ? - help, Shift-Dir - straight line, f/p - Sigmund The splash of poison misses Sigmund.
Sigmund closely misses you.
You shoot an arrow. The arrow barely misses Sigmund.
You shoot an arrow.
The arrow hits Sigmund but does no damage.
Sigmund is moderately wounded.
Sigmund hits you from afar with a +0 scythe!
You shoot an arrow. The arrow barely misses Sigmund.
Sigmund points at you and mumbles some strange words.
You feel momentarily confused.
You shoot an arrow. The arrow closely misses Sigmund.
Sigmund hits you from afar with a +0 scythe!
You shoot an arrow. The arrow hits Sigmund.
Sigmund is moderately wounded.
Sigmund hits you from afar with a +0 scythe.
You shoot an arrow. The arrow hits Sigmund.
Sigmund is heavily wounded.
You have got your breath back.
Sigmund points at you and mumbles some strange words.
The puff of flame hits you!
You die...

#.# ....#.# #.#
#...#.# #.# #...#.#
#.#.#...#.#
#.#..<..#.# .
#.#####.#.# ..
#...(...#.#
...###############.##
...'.......).>@.@...#
...##################
.. .


You could see Sigmund (invisible).

Vanquished Creatures
  2 adders (D:2)
  A dart slug (D:2)
  An orc (D:2)
  2 bats
  3 endoplasms
  4 goblins
  6 hobgoblins
  3 quokkas
  3 ball pythons
  3 frilled lizards
  4 kobolds
  2 rats (D:2)
34 creatures vanquished.

Notes
Turn   | Place    | Note
-------+----------+-------------------------------------------
     0 | D:1      | qw the Naga Hunter began the quest for the Orb.
     0 | D:1      | Reached XP level 1. HP: 19/19 MP: 1/1
     0 | D:1      | 0 ||| qw: Version: 0.3-a-3-g30531e4
     0 | D:1      | 0 ||| qw: Game counter: 425
     0 | D:1      | 0 ||| qw: Always use a shield: true
     0 | D:1      | 0 ||| qw: God list: Okawaru
     0 | D:1      | 0 ||| qw: Allow faded altars: false
     0 | D:1      | 0 ||| qw: Do Orc after D:15 true
     0 | D:1      | 0 ||| qw: Do second Lair branch before Depths: true
     0 | D:1      | 0 ||| qw: Lair rune preference: random
     0 | D:1      | 0 ||| qw: Plans: Normal
     0 | D:1      | 0 ||| PLANNING D:1-11
    69 | D:1      | Found a faded altar of an unknown god.
    96 | D:1      | 96 ||| INVOKING Spit Poison.
   140 | D:1      | 140 ||| INVOKING Spit Poison.
   213 | D:1      | Reached skill level 4 in Ranged Weapons
   213 | D:1      | Reached XP level 2. HP: 20/26 MP: 2/2
   238 | D:1      | 238 ||| INVOKING Spit Poison.
   375 | D:1      | 375 ||| INVOKING Spit Poison.
   441 | D:1      | 441 ||| UPGRADING to ring of resist corrosion.
   442 | D:1      | 442 ||| READING scroll labelled MAZYTU BICOURU.
   443 | D:1      | 443 ||| READING scroll labelled YKUYZOCETI.
   446 | D:1      | 446 ||| READING 3 scrolls labelled CYHERA GEMNE.
   447 | D:1      | 447 ||| READING scroll labelled MOGEVE WOQADOE.
   448 | D:1      | 448 ||| DRINKING 2 golden potions.
   449 | D:1      | 449 ||| DROPPING scroll of butterflies.
   450 | D:1      | 450 ||| DROPPING 2 scrolls of amnesia.
   455 | D:2      | 455 ||| INVOKING Spit Poison.
   471 | D:2      | 471 ||| INVOKING Spit Poison.
   498 | D:2      | 498 ||| INVOKING Spit Poison.
   502 | D:2      | 502 ||| INVOKING Spit Poison.
   520 | D:2      | 520 ||| INVOKING Spit Poison.
   561 | D:2      | 561 ||| INVOKING Spit Poison.
   565 | D:2      | Reached XP level 3. HP: 32/32 MP: 3/3
   650 | D:2      | 650 ||| INVOKING Spit Poison.
   709 | D:2      | 709 ||| INVOKING Spit Poison.
   748 | D:2      | 748 ||| INVOKING Spit Poison.
   933 | D:2      | 933 ||| INVOKING Spit Poison.
   936 | D:2      | 936 ||| INVOKING Spit Poison.
   939 | D:2      | 939 ||| INVOKING Spit Poison.
  1113 | D:2      | 1113 ||| INVOKING Spit Poison.
  1223 | D:2      | 1223 ||| INVOKING Spit Poison.
  1224 | D:2      | Reached skill level 5 in Ranged Weapons
  1346 | D:2      | 1346 ||| READING scroll labelled MOTIURPHI YGEI.
  1347 | D:2      | 1347 ||| READING scroll labelled ROAZUU TORUHA.
  1348 | D:2      | 1348 ||| DRINKING 3 metallic golden potions.
  1405 | D:3      | 1405 ||| INVOKING Spit Poison.
  1408 | D:3      | Reached XP level 4. HP: 39/39 MP: 4/4
  1417 | D:3      | Noticed Sigmund
  1418 | D:3      | 1418 ||| INVOKING Spit Poison.
  1428 | D:3      | 1428 ||| DRINKING 2 fizzy golden potions.
  1428 | D:3      | Gained mutation: You possess an exceptional clarity of
                  | mind. [potion of mutation]
  1437 | D:3      | HP: 3/39 [Sigmund/puff of flame (11)]
  1438 | D:3      | 1438 ||| DRINKING potion of heal wounds.
  1440 | D:3      | 1440 ||| FLEEEEING.
  1441 | D:3      | 1441 ||| FLEEEEING.
  1442 | D:3      | 1442 ||| INVOKING Spit Poison.
  1446 | D:3      | HP: 6/39 [Sigmund/+0 scythe (10)]
  1448 | D:3      | Killed from afar by Sigmund

Levels and vault maps discovered:
D:1:      dpeg_arrival_pits, layout_rooms, shapermc_ecumenical_altar_notcrosses,
          minmay_tetromino_s2
D:2:      layout_basic
D:3:      layout_basic, dreamdust_princess_bridge, uniq_sigmund

Skill      XL: |  1  2  3 |
---------------+----------+-----
Ranged Weapons | 4 5 |  5.0
Fighting       | |  2.0
Dodging        | |  1.5
Stealth        | |  1.5

Action                     |  1- 3 |  4- 6 || total
---------------------------+-------+-------++-------
   Fire: Shortbow          |    57 |     8 ||    65
Ability: Spit Poison       |    19 |     2 ||    21
    Use: Scroll            |     6 |       ||     6
         Potion            |     2 |     2 ||     4
 Armour: Leather armour    |     3 |     1 ||     4
  Dodge: Dodged            |     3 |     3 ||     6

Table legend:
 A = Non-vault XP
 B = Vault XP
 C = Vault XP percentage of total XP
 D = Non-vault monster count
 E = Vault monster count
 F = Vault count percentage of total count
                 A         B        C        D         E       F
            +---------+---------+-------+---------+---------+-------
      Total |      79 |       3 |   3.7 |      32 |       2 |   5.9
            +---------+---------+-------+---------+---------+-------
        D:1 |      15 |       3 |  16.7 |       9 |       2 |  18.2
        D:2 |      63 |       0 |   0.0 |      22 |       0 |   0.0
        D:3 |       1 |       0 |   0.0 |       1 |       0 |   0.0
            +---------+---------+-------+---------+---------+-------
